 Dungeon Crawl Stone Soup version 0.29-a0-187-ga23d9638d5 (webtiles) character file.

Game seed: 2917942667967897998

3974 krigyl the Grappler (level 10, -5/91 HPs)
             Began as a White Draconian Cinder Acolyte on Feb 21, 2022.
             Was a High Priest of Ignis.
             Killed from afar by a centaur (35 damage)
             ... with a bolt of acid
             ... on level 7 of the Dungeon.
             The game lasted 00:26:38 (10306 turns).

krigyl the Grappler (DrCA)                         Turns: 10306, Time: 00:26:39

Health: -5/91      AC:  6    Str: 28    XL:     10   Next: 2%
Magic:  11/11      EV:  9    Int: 19    God:    Ignis [*****.]
Gold:   126        SH:  7    Dex:  7    Spells: 7/11 levels left

rFire   + . .      SeeInvis .     - Unarmed
rCold   + . .      Faith    .   l - +0 kite shield
rNeg    . . .      Spirit   .   (body armour unavailable)
rPois   .          Reflect  .   (helmet restricted)
rElec   .          Harm     .   (no cloak)
rCorr   .          Rampage  .   z - +2 pair of gloves
Will    .....                   (no boots)
Stlth   +.........              i - amulet of magic regeneration
HPRegen 0.25/turn               b - +6 ring of strength
MPRegen 0.52/turn               m - +6 ring of strength

@: corroded
A: breathe frost, AC +7, unfitting armour, cold resistance 1, cold-blooded
a: Breathe Frost, Renounce Religion, Fiery Armour, Foxfire Swarm, Rising Flame


You were on level 7 of the Dungeon.
You worshipped Ignis.
Ignis was extremely pleased with you.
You visited 2 branches of the dungeon, and saw 9 of its levels.
You also visited: Sewer.

You collected 357 gold pieces.
You spent 231 gold pieces at shops.

Inventory:

Missiles
 d - 213 stones (quivered)
 w - a curare-tipped dart
 x - 3 silver javelins
 y - 4 poisoned darts
 B - a boomerang
 D - a throwing net
Armour
 l - a +0 kite shield (worn)
 z - a +2 pair of gloves (worn)
Jewellery
 b - a +6 ring of strength (left hand)
 i - an amulet of magic regeneration (around neck)
 m - a +6 ring of strength (right hand)
 q - a ring of wizardry
Wands
 t - a wand of flame (25)
 u - a wand of iceblast (10) {@v3}
 v - a wand of paralysis (10)
Scrolls
 a - 3 scrolls of blinking {@r3}
 c - 2 scrolls of noise
 g - 2 scrolls of amnesia
 h - a scroll of immolation
 k - 3 scrolls of teleportation {@r4}
 n - a scroll of vulnerability
 r - a scroll of magic mapping
 s - a scroll of enchant armour
 A - a scroll of fog {unknown}
Potions
 e - 2 potions of brilliance
 f - 2 potions of attraction
 j - 2 potions of heal wounds {@q2}
 o - a potion of ambrosia {unknown}
 p - 2 potions of haste {@q3}
 C - 2 potions of might {@q4}


   Skills:
 + Level 9.2 Fighting
 + Level 4.1 Shields
 * Level 11.5 Unarmed Combat
 - Level 1.0 Spellcasting
 - Level 2.0 Summonings
 - Level 2.4 Fire Magic


You had 7 spell levels left.
You knew the following spells:

 Your Spells              Type           Power      Damage    Failure   Level
a - Scorch                Fire           20%        2d6       32%         2
b - Call Imp              Summ           8%         N/A       36%         2

Your spell library contained the following spells:

 Spells                   Type           Power      Damage    Failure   Level
 Magic Dart               Conj           0%         1d3       50%         1
 Sublimation of Blood     Necr           0%         N/A       63%         2
 Ignite Poison            Fire/Tmut/Pois 4%         N/A       77%         3
 Gell's Gravitas          Tloc           0%         N/A       86%         3
 Mephitic Cloud           Conj/Pois/Air  0%         N/A       86%         3
 Teleport Other           Tloc           0%         N/A       86%         3
 Summon Lightning Spire   Summ/Air       4%         N/A       98%         4
 Petrify                  Tmut/Erth      0%         N/A       99%         4
 Freezing Cloud           Conj/Ice/Air   0%         6-21      100%        5
 Irradiate                Conj/Tmut      0%         3d14      100%        5
 Dispersal                Tloc           0%         N/A       100%        6
 Storm Form               Tmut/Air       0%         N/A       100%        7
 Maxwell's Capacitive Co  Air            0%         āˆž       100%        8


Dungeon Overview and Level Annotations

Branches:
Dungeon (8/15)             Temple (1/1) D:4           Sewer (visited)
   Lair: D:8-11

Altars:
Cheibriados
Kikubaaqudgha
Okawaru
Yredelemnul
Zin
The Shining One

Shops:
D:2 =!!

Annotations:
D:3 exclusion: downstairs
D:5 exclusion: downstairs
D:7 exclusion: downstairs
D:8 Grum


Innate Abilities, Weirdness & Mutations

You can breathe waves of freezing cold which knock back foes.
Your icy white scales are hard. (AC +7)
You cannot fit into any form of body armour.
Your flesh is cold resistant. (rC+)
You are cold-blooded and may be slowed by cold attacks.


Message History

You miss something. You block something's attack.
You punch something!
Reactivating autopickup.
You feel a bit more experienced.
You see here a sky beast corpse.
There is a stone staircase leading down, spattered with blood here.
You start resting.
HP restored.
You climb downwards.
Level annotation: Grum The centaur zaps a wand.
The bolt of acid hits you!
A gnoll comes into view. It is wielding a +0 whip.
The steam dragon breathes steam at you. The ball of steam hits you. You resist.
There is a stone staircase leading up here.
The centaur zaps a wand.
The bolt of acid hits you!!!
The centaur unwields a +0 shortbow.
The centaur barely misses you.
The centaur kicks you but does no damage.
You climb upwards.
Level annotation: exclusion: downstairs
There is a stone staircase leading down, spattered with blood here.
You punch the centaur!
The centaur is severely wounded.
The centaur zaps a wand.
The bolt of acid hits you. The acid corrodes you!
You hit the centaur but do no damage.
Your tail-slap misses the centaur.
The centaur is severely wounded.
The centaur hits you but does no damage.
The centaur kicks you.
You barely miss the centaur.
The centaur is severely wounded.
The centaur zaps a wand.
The bolt of acid hits you. You block the centaur's attack.
The centaur kicks you but does no damage.
You barely miss the centaur.
The centaur is severely wounded.
The centaur hits you. The centaur completely misses you.
You hit the centaur.
The centaur is severely wounded.
The centaur zaps a wand.
The bolt of acid hits you!!
You die...

.#######......#
...........#.##
#............#
....##.....###
...##....####
#..###......##### ...#
#........#.####
...###......##.cā€ ..###
....##.......ā€ ..@....#
....#...##.....#ā‰ˆ..#.##
........#.....##......##
#.......##.............#
.#.........###........##
.#....................#
..............#...#...#
.............##...##.##
.............#....####


You could see a centaur.

Vanquished Creatures
  Harold (D:7)
  Grinder (D:6)
  A wraith (D:7)
  A wyvern (D:6)
  2 water moccasins
  2 sky beasts (D:7)
  A black bear (D:5)
  2 necrophages
  2 ogres
  2 wolves
  2 centaurs
  A phantom (D:4)
  A kobold brigand (D:6)
  2 gnoll sergeants (D:6)
  2 bullfrogs (D:7)
  A scorpion (D:4)
  5 killer bees
  4 centaur zombies
  A bullfrog skeleton (D:6)
  2 jellies
  2 gnoll shamans (D:6)
  3 hounds
  A centaur skeleton (D:7)
  4 iguanas
  Ijyb (D:5)
  4 orc wizards
  A hell rat (Sewer)
  A hound skeleton (D:5)
  2 howler monkey zombies
  3 adders
  10 gnolls
  A howler monkey skeleton (D:6)
  3 river rats
  A white imp (D:8)
  5 worms
  2 dart slugs
  18 orcs
  4 bats
  7 endoplasms
  8 giant cockroaches
  5 hobgoblins
  7 jackals
  11 kobolds
  6 quokkas
  7 ball pythons
  6 frilled lizards
  3 goblins
  13 rats
175 creatures vanquished.

Vanquished Creatures (collateral kills)
  An orc wizard (D:5)
1 creature vanquished.

Vanquished Creatures (others)
  A sky beast (D:8)
  A gnoll (D:8)
  12 foxfires (Sewer)
  3 plants (D:6)
17 creatures vanquished.

Grand Total: 193 creatures vanquished

Notes
Turn   | Place    | Note
-------+----------+-------------------------------------------
     0 | D:1      | krigyl the Draconian Cinder Acolyte began the quest for the
                  | Orb.
     0 | D:1      | Reached XP level 1. HP: 19/19 MP: 2/2
   324 | D:1      | Reached XP level 2. HP: 26/26 MP: 3/3
   698 | D:1      | Reached XP level 3. HP: 33/33 MP: 4/4
   827 | D:1      | Reached skill level 4 in Unarmed Combat
  1187 | D:2      | Found Dataycad's Jewellery Shoppe.
  1285 | D:2      | Found Wifoqaug's Distillery.
  1333 | D:2      | Bought a potion of heal wounds for 60 gold pieces
  1333 | D:2      | Bought a potion of degeneration for 12 gold pieces
  1363 | D:2      | Learned a level 2 spell: Scorch
  1501 | D:2      | Found a faded altar of an unknown god.
  1595 | D:2      | Found Obyen's Distillery.
  1682 | D:2      | Reached XP level 4. HP: 39/40 MP: 5/5
  2067 | D:2      | Bought a potion of curing for 39 gold pieces
  2131 | D:3      | Reached skill level 5 in Unarmed Combat
  2268 | D:3      | Reached XP level 5. HP: 47/47 MP: 6/6
  2606 | D:4      | Found a staircase to the Ecumenical Temple.
  2612 | Temple   | Entered the Ecumenical Temple
  2804 | D:4      | Found a glowing drain.
  2814 | Sewer    | Entered a sewer
  3371 | D:4      | Noticed an ogre
  3704 | D:4      | Reached skill level 5 in Fighting
  3704 | D:4      | Reached XP level 6. HP: 42/56 MP: 7/7
  3857 | D:4      | Reached skill level 6 in Unarmed Combat
  4594 | D:4      | Your scales start taking on an icy white colour.
  4594 | D:4      | Reached XP level 7. HP: 54/62 MP: 8/8
  4594 | D:4      | Gained mutation: Your flesh is cold resistant. (rC+) [White
                  | Draconian growth]
  4607 | D:4      | Learned a level 2 spell: Call Imp
  4921 | D:5      | Entered Level 5 of the Dungeon
  4921 | D:5      | Found a glowing silver altar of Zin.
  5021 | D:5      | Reached skill level 7 in Unarmed Combat
  5094 | D:5      | Noticed Ijyb
  5121 | D:5      | Killed Ijyb
  5369 | D:5      | Found an ancient bone altar of Kikubaaqudgha.
  5416 | D:5      | Reached skill level 1 in Summonings
  5753 | D:5      | Found a snail-covered altar of Cheibriados.
  5830 | D:5      | Found a basalt altar of Yredelemnul.
  6124 | D:6      | Noticed Grinder
  6151 | D:6      | Killed Grinder
  6152 | D:6      | Reached skill level 8 in Unarmed Combat
  6152 | D:6      | Reached XP level 8. HP: 59/71 MP: 9/9
  6281 | D:6      | Found a glowing golden altar of the Shining One.
  6496 | D:2      | Bought a potion of haste for 120 gold pieces
  7149 | D:6      | Reached skill level 9 in Unarmed Combat
  8026 | D:6      | Reached XP level 9. HP: 29/81 MP: 7/10
  8318 | D:7      | Reached skill level 1 in Shields
  8342 | D:7      | Noticed Harold
  8615 | D:6      | Reached skill level 10 in Unarmed Combat
  8781 | D:7      | Found an iron altar of Okawaru.
  9535 | D:7      | Killed Harold
  9536 | D:7      | Reached skill level 11 in Unarmed Combat
 10068 | D:8      | Noticed Grum
 10226 | D:7      | Reached XP level 10. HP: 81/91 MP: 11/11
 10306 | D:7      | Killed from afar by a centaur

Illustrated notes

Levels and vault maps discovered:
D:1:      tarquinn_simple_flora_water_b, layout_loops_ring,
          minmay_misc_feat_plants
D:2:      layout_rooms, ebering_ecumenical_altar_hall, serial_shops, shop, shop,
          nicolae_shop_hallway_plus, serial_glass, glass_columns_a,
          glass_columns_a, glass_columns_c, glass_columns_b
D:3:      layout_rooms
D:4:      nicolae_cairo_tiling_large_dashed, layout_layer_cave,
          minmay_temple_entry_hall, cheibrodos_sewer_entry_sluice,
          chequers_serial_rivers_small_b
D:5:      layout_loops_cross, mainiacjoe_overflow_big_doors,
          mainiacjoe_overflow_concentric_impassable, zin_academy,
          chequers_decorated_corner, uniq_ijyb
D:6:      layout_loops_ring, mainiacjoe_overflow_alcove_4,
          pf_guarded_unrand_woodcutter, uniq_grinder
D:7:      layout_cave_pools, mainiacjoe_overflow_chevrons,
          hangedman_abyss_or_decor_stagger, uniq_harold
D:8:      layout_gridville, david_lair_shrubbed, serial_ice, serial_ice_i,
          serial_ice_f, serial_ice_o, serial_ice_h, hangedman_misty_isle,
          uniq_grum
Temple:   regret_index_temple_sphere_string

Skill      XL: |  1  2  3  4  5  6  7  8  9 |
---------------+----------------------------+-----
Unarmed Combat | 4 5 6 8 9 11 | 11.5
Fighting       | 4 5 6 7 9 |  9.2
Fire Magic     | 2 |  2.4
Summonings     | 2 |  2.0
Shields        | 4 |  4.1
Spellcasting   | |  1.0

Action                   |  1- 3 |  4- 6 |  7- 9 | 10-12 || total
-------------------------+-------+-------+-------+-------++-------
Melee: Unarmed           |   144 |   195 |   253 |    12 ||   604
       Tailslap          |    11 |    19 |    34 |       ||    64
       Punch             |     2 |     3 |     5 |       ||    10
Throw: Stone             |       |     5 |     7 |       ||    12
 Cast: Scorch            |       |       |    32 |       ||    32
       Call Imp          |       |       |     1 |       ||     1
Invok: Foxfire Swarm     |       |     1 |       |       ||     1
       Fiery Armour      |       |       |     1 |       ||     1
 Abil: Breathe Frost     |       |       |    35 |       ||    35
  Use: Scroll            |       |     6 |     6 |       ||    12
       Potion            |       |       |     1 |       ||     1
Armor: Skin              |    50 |    45 |    87 |    11 ||   193
Dodge: Dodged            |    64 |    87 |   118 |     4 ||   273
Block: Kite shield       |       |       |    37 |     6 ||    43

Table legend: (Time is in decaauts)
 A = Elapsed time spent in this place.
 B = Non-inter-level travel time spent in this place.
 C = Inter-level travel time spent in this place.
 D = Time resting spent in this place.
 E = Time spent auto-exploring this place.
 F = Levels seen in this place.
 G = Mean time per level.
                   A        B        C        D        E       F      G
               +--------+--------+--------+--------+--------+-----+--------+
         Total |  10301 |   9616 |    685 |   3370 |   3151 |  10 | 1030.1 |
       Dungeon |   9838 |   9153 |    685 |   3011 |   3151 |   8 | 1229.8 |
        Temple |      1 |      1 |      0 |      0 |      0 |   1 |    1.0 |
         Sewer |    461 |    461 |      0 |    359 |      0 |   1 |  461.0 |
               +--------+--------+--------+--------+--------+-----+--------+

Top non-repeatable levels by time:
     D:6: 2628 daAuts
     D:4: 1997 daAuts
     D:5: 1145 daAuts
     D:1: 1127 daAuts
     D:2: 1043 daAuts
     D:7: 973 daAuts
     D:3: 767 daAuts
   Sewer: 461 daAuts
     D:8: 153 daAuts
  Temple: 1 daAuts
